 Dungeon Crawl Stone Soup version 0.31-a0-858-g469dc525a8 (webtiles) character file.

Game seed: 17027845038980591600

9152365 RepoMan the Sensei (level 27, 197/197 HPs)
             Began as a Tengu Shapeshifter on Oct 7, 2023.
             Was a High Priest of Wu Jian.
             Escaped with the Orb
             ... and 10 runes on Oct 9, 2023!
             The game lasted 10:30:34 (78258 turns).

RepoMan the Sensei (Tengu Shapeshifter)            Turns: 78258, Time: 10:30:35

Health: 197/197    AC: 40    Str: 20    XL:     27
Magic:  32/33      EV: 22    Int: 15    God:    Wu Jian [*****.]
Gold:   5682       SH:  0    Dex: 27    Spells: 30/39 levels left

rFire   + +          +
                       - Unarmed
rCold   + + +        (shield currently unavailable)
rNeg    + . .        v - +12 gold dragon scales
rPois   +            V - -2 hat of the Alchemist {rElec rPois rF+ rC+ rN+ Will+ rMut rCorr}
rElec   +            D - +4 dragonskin cloak
rCorr   +            (gloves currently unavailable)
SInv    .            (boots unavailable)
Will    ++++.        j - amulet of regeneration
Stlth   x              - ring of protection from cold
HPRegen 1.32/turn    M - ring of Ascent {rF+ Dex+7}
MPRegen 0.23/turn

%: acrobat, resist mutation
@: blade hands, enlightened, flying, studying 6 skills
A: flying, beak, talons 3, evasive flight, acrobatic, clever 1
0: Orb of Zot
}: 10/15 runes: serpentine, barnacled, slimy, silver, abyssal, demonic, glowing,
magical, fiery, dark
a: Begin Untransformation, Renounce Religion, Wall Jump, Serpent's Lash,
Heavenly Storm


You escaped.
You worshipped Wu Jian.
Wu Jian was extremely pleased with you.
You had blades for hands.
You visited 12 branches of the dungeon, and saw 56 of its levels.
You visited Pandemonium 2 times, and saw 22 of its levels.
You visited the Abyss 1 time.
You visited 2 bazaars.
You visited 1 ziggurat, and saw 7 of its levels.
You also visited: Gauntlet and Ice Cave.

You collected 11699 gold pieces.
You spent 6017 gold pieces at shops.

Inventory:

Hand Weapons
 p - the +5 glaive of the Guard {elec, spectral}
   (You found it on level 7 of a ziggurat)
Armour
 v - +12 gold dragon scales (worn)
 D - the +4 dragonskin cloak (worn)
   (You took it off Tiamat on level 2 of the Realm of Zot)

   Avatar's Aegis: It grants the wearer a chance to resist fire, cold, poison,
   electricity, acid, and negative energy.
 J - +2 pearl dragon scales
 V - the -2 hat of the Alchemist (worn) {rElec rPois rF+ rC+ rN+ Will+ rMut rCorr}
   (You found it on level 5 of the Vaults)

   rF+:       It protects you from fire.
   rC+:       It protects you from cold.
   rElec:     It insulates you from electricity.
   rPois:     It protects you from poison rN+: It protects you from negative
   energy.
   Will+:     It increases your willpower.
   rCorr:     It protects you from acid and corrosion.
   rMut:      It protects you from mutation.
Jewellery
 c - the ring "Garph" {rN++ Dex+6}
   (You bought it in a shop in a bazaar)

   [ring of dexterity]

   Dex+6:     It affects your dexterity (+6).
   rN++:      It greatly protects you from negative energy.
 e - a ring of willpower
 j - an amulet of regeneration (around neck)
 x - a ring of protection from cold (left blade hand)
 y - a ring of see invisible
 G - a ring of resist corrosion
 M - the ring of Ascent (right blade hand) {rF+ Dex+7}
   (You took it off a cherub in Pandemonium)

   [ring of protection from fire]

   Dex+7:     It affects your dexterity (+7).
   rF+:       It protects you from fire.
Talismans
 r - a blade talisman (active)
 B - a granite talisman
 C - a storm talisman
Wands
 a - a wand of paralysis (48)
 n - a wand of mindburst (26)
 o - a wand of light (26)
 E - a wand of flame (74)
 F - a wand of roots (47)
 O - a wand of polymorph (28)
Scrolls
 g - 7 scrolls of poison
 h - 34 scrolls of teleportation
 i - 6 scrolls of fog
 m - 5 scrolls of revelation
 s - 13 scrolls of immolation
 A - 5 scrolls of enchant armour
 I - 6 scrolls of fear
 N - 12 scrolls of enchant weapon
 R - 2 scrolls of silence
 S - 14 scrolls of vulnerability
 W - a scroll of blinking
Potions
 b - a potion of haste
 l - 9 potions of ambrosia
 q - 13 potions of curing
 t - 5 potions of cancellation
 u - 11 potions of lignification
 z - 11 potions of attraction
 H - 3 potions of enlightenment
 L - 3 potions of berserk rage
 Q - 9 potions of mutation
 T - 2 potions of heal wounds
 X - 5 potions of magic
Miscellaneous
 d - a phial of floods
 K - a box of beasts
 P - a lightning rod (4/4)
 U - a tin of tremorstones (1/2)


   Skills:
 - Level 26.6 Fighting
 + Level 23.1 Armour
 + Level 21.3 Dodging
 - Level 7.7 Stealth
 - Level 26.9 Unarmed Combat
 - Level 6.6 Spellcasting
 * Level 9.1 Translocations
 - Level 12.2 Transmutations
 - Level 7.7 Earth Magic
 + Level 14.8 Evocations
 - Level 19.0 Shapeshifting


You had 30 spell levels left.
You knew the following spells:

 Your Spells              Type           Power      Damage    Failure   Level
b - Blink                 Tloc           64%        N/A       9%          2
g - Apportation           Tloc           64%        N/A       6%          1
l - Lesser Beckoning      Tloc           64%        N/A       9%          2
p - Passwall              Tmut/Erth      28%        N/A       6%          2
w - Wereblood             Tmut           41%        N/A       2%          2

Your spell library contained the following spells:

 Spells                   Type           Power      Damage    Failure   Level
 Gell's Gravitas          Tloc           32%        N/A       17%         3
 Teleport Other           Tloc           32%        N/A       17%         3
 Petrify                  Tmut/Erth      34%        N/A       38%         4
 Momentum Strike          Conj/Tloc      36%        3d9       50%         2
 Manifold Assault         Tloc           32%        N/A       50%         4
 Passage of Golubria      Tloc           32%        N/A       50%         4
 Volatile Blastmotes      Fire/Tloc      36%        2d13      75%         3
 Ignite Poison            Fire/Tmut/Pois 17%        N/A       80%         3
 Stone Arrow              Conj/Erth      32%        3d9       83%         3
 Foxfire                  Conj/Fire      16%        2x1d4     94%         1
 Freeze                   Ice            16%        1d4       94%         1
 Kiss of Death            Conj/Necr      16%        2d6       94%         1
 Magic Dart               Conj           16%        1d3       94%         1
 Necrotise                Necr           16%        1d4       94%         1
 Slow                     Hex            16%        N/A       94%         1
 Summon Small Mammal      Summ           16%        N/A       94%         1
 Lee's Rapid Deconstruct  Erth           14%        3d9*      96%         5
 Call Imp                 Summ           8%         N/A       98%         2
 Cigotuvi's Dreadful Rot  Necr/Pois/Air  8%         N/A       98%         2
 Ensorcelled Hibernation  Hex/Ice        8%         N/A       98%         2
 Jinxbite                 Hex            8%         N/A       98%         2
 Scorch                   Fire           8%         2d5       98%         2
 Searing Ray              Conj           8%         2d4       98%         2
 Static Discharge         Conj/Air       8%         2-3/arc   98%         2
 Dimensional Bullseye     Hex/Tloc       9%         N/A       98%         4
 Iskenderun's Mystic Bla  Conj/Tloc      18%        2d6       98%         4
 Vhi's Electric Charge    Tloc/Air       36%        N/A       98%         4
 Animate Armour           Summ/Erth      32%        N/A       99%         4
 Leda's Liquefaction      Hex/Erth       8%         N/A       99%         4
 Alistair's Intoxication  Tmut/Pois      15%        N/A       99%         5
 Irradiate                Conj/Tmut      11%        3d15      99%         5
 Yara's Violent Unravell  Hex/Tmut       11%        3d6       99%         5
 Call Canine Familiar     Summ           4%         N/A       100%        3
 Confusing Touch          Hex            4%         N/A       100%        3
 Frozen Ramparts          Ice            8%         1d2       100%        3
 Hailstorm                Conj/Ice       4%         3d4       100%        3
 Inner Flame              Hex/Fire       4%         N/A       100%        3
 Mephitic Cloud           Conj/Pois/Air  4%         N/A       100%        3
 Ozocubu's Armour         Ice            4%         N/A       100%        3
 Sigil of Binding         Hex            4%         N/A       100%        3
 Summon Guardian Golem    Hex/Summ       4%         N/A       100%        3
 Swiftness                Air            4%         N/A       100%        3
 Tukima's Dance           Hex            4%         N/A       100%        3
 Vampiric Draining        Necr           4%         2d6       100%        3
 Airstrike                Air            2%         2d(1-17)  100%        4
 Anguish                  Hex/Necr       2%         N/A       100%        4
 Animate Dead             Necr           4%         N/A       100%        4
 Cause Fear               Hex            2%         N/A       100%        4
 Dispel Undead            Necr           4%         3d7       100%        4
 Flame Wave               Conj/Fire      4%         2d5       100%        4
 Fulminant Prism          Conj/Hex       2%         3d5       100%        4
 Olgreb's Toxic Radiance  Pois           4%         N/A       100%        4
 Sticky Flame             Conj/Fire      4%         2d3       100%        4
 Summon Ice Beast         Ice/Summ       4%         N/A       100%        4
 Summon Lightning Spire   Summ/Air       4%         N/A       100%        4
 Agony                    Necr           4%         N/A       100%        5
 Arcjolt                  Conj/Air       2%         1d12      100%        5
 Borgnjor's Vile Clutch   Necr/Erth      8%         N/A       100%        5
 Fireball                 Conj/Fire      2%         3d4       100%        5
 Freezing Cloud           Conj/Ice/Air   2%         6-21      100%        5
 Iskenderun's Battlesphe  Conj           4%         2d6       100%        5
 Metabolic Englaciation   Hex/Ice        2%         N/A       100%        5
 Silence                  Hex/Air        2%         N/A       100%        5
 Bombard                  Conj/Erth      8%         9d2       100%        6
 Conjure Ball Lightning   Conj/Air       2%         3x3d6     100%        6
 Death Channel            Necr           2%         N/A       100%        6
 Dispersal                Tloc           16%        N/A       100%        6
 Plasma Beam              Fire/Air       2%         2x1d12    100%        6
 Simulacrum               Ice/Necr       2%         N/A       100%        6
 Starburst                Conj/Fire      2%         6d3       100%        6
 Summon Cactus Giant      Summ           2%         N/A       100%        6
 Enfeeble                 Hex            2%         N/A       100%        7
 Haunt                    Necr/Summ      2%         N/A       100%        7
 Spellforged Servitor     Conj/Summ      2%         N/A       100%        7
 Borgnjor's Revivificati  Necr           2%         N/A       100%        8
 Discord                  Hex            2%         N/A       100%        8
 Disjunction              Tloc           16%        N/A       100%        8
 Ignition                 Fire           2%         3d3       100%        8
 Infestation              Necr           2%         N/A       100%        8
 Lehudib's Crystal Spear  Conj/Erth      8%         10d3      100%        8
 Maxwell's Capacitive Co  Air            2%         ∞         100%        8
 Chain Lightning          Conj/Air       2%         3d2       100%        9
 Death's Door             Necr           2%         N/A       100%        9
 Dragon's Call            Summ           2%         N/A       100%        9
 Fire Storm               Conj/Fire      2%         8d1       100%        9
 Shatter                  Erth           14%        3d14*     100%        9


Dungeon Overview and Level Annotations

Branches:
Dungeon (15/15)            Temple (1/1) D:6            Lair (5/5) D:9
 Shoals (4/4) Lair:3        Snake (4/4) Lair:2        Slime (5/5) Lair:4
    Orc (2/2) D:11            Elf (3/3) Orc:2        Vaults (5/5) D:13
  Crypt (3/3) Vaults:2       Tomb (0/3) Crypt:3      Depths (4/4) D:15
    Zot (5/5) Depths:4      IceCv (visited)         Gauntlet (visited)

Altars:
Ashenzari
Cheibriados
Dithmenos
Elyvilon
Fedhas
Gozag
Hepliaklqana
Kikubaaqudgha
Makhleb
Nemelex Xobeh
Okawaru
Qazlal
Ru
Sif Muna
Trog
Uskayaw
Vehumet
Wu Jian
Xom
Yredelemnul
Zin
The Shining One
Jiyva

Shops:
D:4 :!=   D:10 =(   D:14 ((*   Orc:2 [(?   Shoals:1 **   Snake:1 =   Snake:2 :
Snake:3 ==:   Vaults:1 ((   Vaults:2 ?:=*[   Vaults:3 ?[(   Depths:1 !

Portals:
Hell: Depths:1 Depths:2 Depths:3 Depths:4
Abyss: Depths:3 Depths:4
Pandemonium: Depths:2
Trove: Elf:2 (give 4 scrolls of blinking)

Annotations:
D:10 4 transporters
Temple 2 transporters
Snake:1 2 transporters, leebro123's ghost, adept KoEn
Zot:1 3 runed translucent doors, Calu's ghost, legendary KoHu


Innate Abilities, Weirdness & Mutations

You have blades for hands.
You are flying.
You are incapable of wielding weapons or throwing items.
You have a beak for a mouth.
You have claws for feet.
Your magical flight helps you evade attacks. (EV +4)
You can magically evade attacks while moving or waiting.
Your mind is acute. (Int +4, Str/Dex -1)


Message History

You shred the hellwing!!!
You kill the hellwing!
The Council accepts your kill.
A hellion comes into view.
The hellion gestures at you.
The sphere of damnation explodes!
The damnation engulfs you!
You lunge at the hellion, in a flurry of attacks.
You closely miss the hellion. You claw the hellion!
Your peck misses the hellion. Your slash misses the hellion.
The hellion is moderately wounded.
You shred the hellion!!!!
You kill the hellion!
The Council accepts your kill.
Casting: Passwall (safe; 6% risk of failure)
Confirm with . or Enter, or press ? or * to list all spells.
Aiming: Passwall (safe; 6% risk of failure)
Press: ? - help, Dir - move target A rock wall.
This square is covered in magical glow.
You begin to meditate on the wall.
You continue meditating on the rock. x2
You finish merging with the rock.
There is a stone staircase leading up here.
You fly upwards.
There is a stone staircase leading down here.
There is a stone staircase leading up here.
You fly upwards.
There is a stone staircase leading down here.
Casting: Passwall (safe; 6% risk of failure)
Confirm with . or Enter, or press ? or * to list all spells.
Aiming: Passwall (safe; 6% risk of failure)
Press: ? - help, Dir - move target A rock wall.
This square is covered in magical glow.
You begin to meditate on the wall.
You continue meditating on the rock. x3
You finish merging with the rock.
Blink to where?
Press: ? - help, Dir - move target
As you read the scroll of blinking, it crumbles to dust.
You feel more buoyant.
You have escaped!

#.....>........#.##.###.########.
#..###.#.....#.#.##..##..# #.
#..###.#.............###.# ###.
.......#.#.#.........# #.# #...
#......#.#.#.........# #.# #.#.
#...#.##.#.#...###...# #.# #.#.
#...#.##.#.#..##.##..###.#####.#.
#...#.##.#.#..#...#..##..........
#.............'.@.'..##.>......##
....#.##.#....#...#..##.########
#...#.##.###..##.##..##.#
#..÷#.##.###...###...##.#########
#....................##.....†....
###.#.####.#.........##.#########
# #.#.# #..............# # #.#.#
################ ###### ###.#.#
#.....


There were no monsters in sight!

Vanquished Creatures
  Cerebov (Pan)
  the Royal Jelly (Slime:5)
  A seraph (Pan)
  Gloorx Vloq (Pan)
  Lom Lobon (Pan)
  Mnoleg (Pan)
  4 pandemonium lords
  2 dread liches (Zot:5)
  Tiamat (Zot:2)
  6 orbs of fire
  2 ancient liches
  Mennas (Vaults:4)
  3 juggernauts
  Sojobo (Vaults:4)
  Parghit (Depths:3)
  Vashnia (Snake:3)
  3 Killer Klowns (Zot:5)
  Xtahua (Vaults:5)
  Saint Roka (Vaults:1)
  3 curse toes
  9 golden dragons
  2 pearl dragons (Pan)
  2 bone dragons
  2 electric golems (Zot:5)
  3 hellephants
  4 Brimstone Fiends (Pan)
  Jorgrun (D:14)
  The ghost of confidenceinterval the Sensei, an adept MfSh of Trog (Shoals:4)
  27 Orb Guardians
  Zenata (Vaults:1)
  A tainted leviathan (Zig:3)
  11 titans
  Rupert (Lair:4)
  A walking earthen tome (Depths:3)
  12 tentacled monstrosities
  17 quicksilver dragons
  A Hell Sentinel (Pan)
  4 Ice Fiends (Pan)
  A searing wretch (Zig:4)
  5 liches
  Asterion (Vaults:1)
  3 deep elf blademasters
  Polyphemus (Shoals:3)
  4 sphinxes
  12 acid blobs
  27 Executioners (Pan)
  Gastronok (Lair:3)
  8 death cobs
  11 ancient champions
  8 shadow dragons
  2 deep elf master archers (Elf:3)
  An eldritch tentacle (Pan)
  6 tengu reavers
  Kirke (Snake:3)
  Agnes (D:15)
  Roxanne (Snake:3)
  12 storm dragons
  5 revenants
  Donald (Vaults:2)
  3 rockslimes
  A fenstrider witch (Shoals:2)
  5 daevas (Pan)
  5 nagarajas
  The ghost of Terghogha the Warrior, a journeyman DgSh (Snake:2)
  Aizul (Elf:3)
  19 vault wardens
  10 demonspawn warmongers (Pan)
  12 draconian knights
  2 emperor scorpions (Zig:6)
  7 fire giants
  5 iron dragons
  9 frost giants
  5 draconian monks
  8 azure jellies
  6 draconian scorchers
  8 draconian shifters
  Louise (Depths:4)
  2 ghouls
  3 spriggan defenders (Depths:3)
  16 balrugs
  5 deep elf sorcerers
  4 deep elf elementalists (Elf:3)
  4 curse skulls
  30 very ugly things
  2 ghost moths
  10 reapers
  8 draconian stormcallers
  5 demonspawn corrupters (Pan)
  13 draconian annihilators
  8 quicksilver oozes
  15 angels
  3 orc warlords
  16 cacodemons (Pan)
  A war gargoyle (Vaults:4)
  8 ironbound thunderhulks
  2 caustic shrike skeletons
  19 ironbound preservers
  23 apis (Pan)
  10 stone giants
  8 vampire knights
  11 ophanim
  A formless jellyfish (Vaults:2)
  A juggernaut skeleton (Crypt:1)
  6 demonspawn blood saints (Pan)
  7 deep elf demonologists
  11 lorocyprocas (Pan)
  17 green draconians
  7 deep elf annihilators
  11 black draconians
  10 white draconians
  A putrid mouth (Zig:3)
  4 demonspawn black suns (Pan)
  A minotaur (Gauntlet)
  15 yellow draconians
  12 red draconians
  4 spark wasps
  13 purple draconians
  21 dire elephants
  2 merfolk javelineers (Shoals:4)
  13 ettins
  11 green deaths (Pan)
  3 fire dragons
  13 blizzard demons
  3 crystal guardians
  4 eidola
  4 merfolk impalers
  Josephine (Shoals:1)
  5 entropy weavers
  14 great orbs of eyes
  2 mummy priests (Crypt:3)
  An entropy weaver (shapeshifter) (D:14)
  2 hell beasts
  4 deep elf high priests
  5 ice dragons
  30 vault guards
  8 deep elf death magi
  6 jiangshi (Crypt:3)
  15 yaktaur captains
  Harold (Lair:2)
  7 rakshasas
  6 ironbound frosthearts
  3 peacekeepers
  6 hydras
  5 ogre magi
  2 spriggan skeletons (Crypt:3)
  15 centaur warriors
  6 salamander tyrants
  3 spriggan air magi
  2 catoblepae
  10 anacondas
  6 satyrs
  An alligator snapping turtle (Shoals:4)
  8 death knights
  5 merfolk aquamancers
  4 boulder beetles
  19 two-headed ogres
  3 deep troll earth magi
  6 deep troll shamans
  12 naga warriors
  2 sphinx skeletons (Vaults:2)
  A titan zombie (Crypt:3)
  12 tengu warriors
  3 hell hogs (Pan)
  8 death yaks
  8 demonic crawlers (Pan)
  32 dancing weapons
  8 vampire magi
  An emperor scorpion zombie (Crypt:2)
  13 shock serpents
  10 naga sharpshooters
  4 spriggan berserkers
  40 sun demons
  17 soul eaters
  A shock serpent (shapeshifter) (D:15)
  19 hell knights (Depths:2)
  22 skeletal warriors
  11 shadow wraiths
  6 skysharks
  21 sixfirhies
  A spark wasp zombie (Crypt:2)
  2 bunyip zombies
  A pharaoh ant (Zig:6)
  3 salamander mystics
  12 deep elf knights
  11 cherubim (Pan)
  7 iron trolls
  12 sea snakes
  A spatial maelstrom (Abyss:3)
  10 glowing orange brains
  An orb spider (Zig:6)
  64 deep trolls
  2 glowing orange brains (shapeshifter)
  Lodul (D:13)
  19 ironbound convokers
  4 flayed ghosts
  An obsidian statue (Zot:5)
  11 shadow demons (Pan)
  A golden dragon skeleton (Crypt:3)
  8 deep elf archers
  A bunyip skeleton (Pan)
  8 lindwurms
  A steelbarb worm (Zig:6)
  Pikel (D:5)
  28 deep elf pyromancers
  9 orc knights
  13 phantasmal warriors
  5 wizards
  5 naga ritualists
  24 harpies
  An anaconda skeleton (Pan)
  24 deep elf zephyrmancers
  7 necromancers
  An iron giant skeleton (Crypt:3)
  A lindwurm (shapeshifter) (Vaults:5)
  9 shining eyes
  3 orc sorcerers
  18 fauns
  13 mana vipers
  28 salamanders
  A tengu skeleton (Vaults:2)
  A wolf spider (Zig:6)
  A jorogumo skeleton (Crypt:1)
  A worldbinder (Abyss:3)
  A shining eye (shapeshifter) (Vaults:5)
  34 ugly things
  12 cyclopes
  10 merfolk sirens
  14 moths of wrath
  Maurice (Orc:2)
  An iron dragon skeleton (Crypt:2)
  10 manticores
  18 vault sentinels
  2 stone giant skeletons
  7 rust devils
  2 fire giant skeletons
  34 black mambas
  A molten gargoyle (Gauntlet)
  4 guardian serpents
  10 cane toads
  23 smoke demons
  9 elephants
  6 water nymphs
  2 ice statues (IceCv)
  12 naga magi
  25 orange demons
  An unseen horror (shapeshifter) (Vaults:1)
  An apocalypse crab (Abyss:3)
  4 gargoyles
  A dire elephant skeleton (Pan)
  An eye of devastation (Depths:3)
  A cane toad (shapeshifter) (Elf:2)
  A rime drake (Lair:1)
  Joseph (D:7)
  3 hellions
  5 centaur skeletons
  A kobold demonologist (D:13)
  7 freezing wraiths
  30 yaktaurs
  A green draconian skeleton (Crypt:2)
  9 tengu conjurers
  5 efreet
  3 komodo dragons
  9 ice devils
  7 tormentors
  22 merfolk
  A red devil (Pan)
  3 guardian mummies
  3 ancient zymes (Abyss:3)
  10 trolls
  2 yaktaur skeletons (Vaults:2)
  A purple draconian skeleton (Crypt:2)
  4 polar bears
  A wolf spider simulacrum (D:15)
  2 harpy zombies (Crypt:3)
  8 hornets
  9 hellwings
  18 blink frogs
  3 wind drakes
  A blink frog (shapeshifter) (D:15)
  13 dream sheep
  A harpy skeleton (Pan)
  8 snapping turtles
  A black mamba zombie (Crypt:1)
  A small abomination (Abyss:3)
  12 water elementals
  6 flying skulls (Crypt:2)
  2 vampires
  3 air elementals (Elf:1)
  102 slime creatures
  A guardian serpent skeleton (Crypt:1)
  An ushabti (Crypt:3)
  12 spriggans
  An ettin skeleton (Pan)
  A shadow (D:11)
  Sigmund (D:6)
  2 yaks (shapeshifter)
  26 large abominations (Pan)
  13 ynoxinuls
  3 culicivoras
  2 jumping spiders
  4 wyverns
  A dire elephant simulacrum (IceCv)
  16 wraiths
  51 yaks
  3 hogs (Snake:3)
  A culicivora (shapeshifter) (D:15)
  3 fire bats (Gauntlet)
  3 steam dragons
  Grum (D:6)
  3 death yak simulacra
  4 fire elementals
  A human (D:11)
  5 redbacks
  20 golden eyes
  4 basilisks
  8 chaos spawn
  2 elf skeletons (Vaults:2)
  A vampire mosquito (D:10)
  18 neqoxecs
  3 spatial vortices (Abyss:3)
  3 wargs
  34 nagas
  A fire bat zombie (Crypt:3)
  10 hell hounds
  2 acid dragons
  16 water moccasins
  A cane toad zombie (Crypt:2)
  A hydra simulacrum (IceCv)
  2 floating eyes
  2 glowing shapeshifter skeletons (Vaults:2)
  Duvessa (D:7)
  9 orc warriors
  A swamp drake (Shoals:4)
  A floating eye (shapeshifter) (Depths:4)
  2 ice beasts
  A lindwurm zombie (Crypt:1)
  4 black bears
  A sky beast (D:8)
  31 wolves
  A blink frog zombie (Crypt:2)
  36 ogres
  3 boggarts (Lair:5)
  12 centaurs
  A hog zombie (Crypt:3)
  A lindwurm skeleton (Crypt:1)
  A phantom (D:5)
  3 kobold brigands
  6 bullfrogs
  4 gnoll sergeants
  2 two-headed ogre simulacra (IceCv)
  3 earth elementals
  2 scorpions
  3 human skeletons (Vaults:2)
  5 cane toad simulacra
  19 wights
  A water moccasin skeleton (Crypt:1)
  Dowan (D:7)
  A killer bee (shapeshifter) (Vaults:5)
  15 killer bees
  A raiju skeleton (Crypt:3)
  5 howler monkeys
  2 electric eels (D:15)
  3 lava snakes (Lair:2)
  A wolf skeleton (Crypt:2)
  2 centaur zombies
  14 hounds
  2 jellies
  13 orc priests
  5 gnoll boudas
  An iguana (D:6)
  A hell rat (Lair:5)
  A sleepcap (D:5)
  19 orc wizards
  A spriggan simulacrum (IceCv)
  2 polar bear simulacra
  A boggart skeleton (D:13)
  3 naga skeletons
  A hound zombie (Crypt:3)
  44 gnolls
  6 adders
  5 white imps
  7 ufetubi
  2 worms
  3 dart slugs (D:4)
  65 orcs
  8 ball pythons
  2 bats
  9 endoplasms
  3 giant cockroaches
  6 goblins
  7 hobgoblins
  11 jackals
  4 quokkas (D:1)
  A ball python skeleton (Crypt:2)
  2 frilled lizards
  37 kobolds
  5 rats
  3 fire vortices (Pan)
2947 creatures vanquished.

Vanquished Creatures (collateral kills)
  2 tengu reavers (Vaults:4)
  A red draconian (Zot:1)
  A vault guard (Vaults:4)
  A vault sentinel (Vaults:4)
  2 yaktaurs (Vaults:4)
7 creatures vanquished.

Vanquished Creatures (others)
  A deep elf knight (Elf:1)
  A golden eye (Depths:3)
  A human (Snake:3)
  An ufetubus (IceCv)
4 creatures vanquished.

Grand Total: 2958 creatures vanquished

Notes
Turn   | Place    | Note
-------+----------+-------------------------------------------
     0 | D:1      | RepoMan the Tengu Shapeshifter began the quest for the Orb.
     0 | D:1      | Reached XP level 1. HP: 12/12 MP: 2/2
   115 | D:1      | Reached XP level 2. HP: 16/16 MP: 3/3
   557 | D:1      | Reached XP level 3. HP: 18/20 MP: 4/4
  1515 | D:3      | Reached XP level 4. HP: 25/25 MP: 5/5
  1656 | D:3      | Reached skill level 5 in Unarmed Combat
  1675 | D:3      | Reached XP level 5. HP: 13/29 MP: 6/6
  2216 | D:3      | Found a faded altar of an unknown god.
  2511 | D:4      | Noticed an ogre
  2599 | D:4      | Found Oxkaig's Distillery.
  2602 | D:4      | Bought a potion of cancellation for 96 gold pieces
  2602 | D:4      | Bought a potion of lignification for 36 gold pieces
  2667 | D:4      | Identified the +6 chain mail of the Turtledove {-Cast Dex+7
                  | SInv}
  2714 | D:4      | Reached XP level 6. HP: 34/34 MP: 7/7
  2840 | D:4      | Reached skill level 1 in Stealth
  2978 | D:4      | Found Anav's Tremendous Tomes.
  3167 | D:4      | Found Ohete's Jewellery Shop.
  3226 | D:4      | Found Weyst's Distillery.
  3230 | D:4      | Bought a potion of heal wounds for 50 gold pieces
  3230 | D:4      | Bought a potion of berserk rage for 50 gold pieces
  3464 | D:5      | Entered Level 5 of the Dungeon
  3601 | D:5      | Noticed Pikel
  3610 | D:5      | Killed Pikel
  3611 | D:5      | Gained mutation: Your magical flight helps you evade
                  | attacks. (EV +4) [Tengu growth]
  3611 | D:5      | Reached XP level 7. HP: 33/40 MP: 8/8
  3819 | D:4      | Bought a potion of curing for 30 gold pieces
  3866 | D:5      | Reached XP level 8. HP: 27/45 MP: 9/9
  4147 | D:5      | Found an ancient bone altar of Kikubaaqudgha.
  4474 | D:5      | Found an opulent altar of Gozag.
  4477 | D:5      | Found a shimmering altar of Xom.
  4478 | D:5      | Found a bloodstained altar of Trog.
  4599 | D:6      | Noticed Sigmund
  4614 | D:6      | Killed Sigmund
  4615 | D:6      | Reached skill level 5 in Dodging
  4615 | D:6      | Reached skill level 5 in Shapeshifting
  4615 | D:6      | Reached XP level 9. HP: 52/52 MP: 10/10
  4838 | D:6      | Noticed a hornet
  5615 | D:6      | Found a staircase to the Ecumenical Temple.
  5639 | Temple   | Found a transporter.
  5639 | Temple   | Found a transporter.
  5639 | Temple   | Found a transporter.
  5639 | Temple   | Found a transporter.
  5639 | Temple   | Entered the Ecumenical Temple
  5659 | Temple   | Became a worshipper of the Wu Jian Council
  5776 | D:6      | Reached skill level 5 in Fighting
  5874 | D:6      | Noticed Grum
  5878 | D:6      | Killed Grum
  6037 | D:6      | Killed a hornet
  6038 | D:6      | Reached skill level 10 in Unarmed Combat
  6178 | D:7      | Noticed Joseph
  6197 | D:7      | Killed Joseph
  6198 | D:7      | Reached XP level 10. HP: 60/60 MP: 11/11
  6632 | D:7      | Noticed Duvessa
  6632 | D:7      | Noticed Dowan
  6652 | D:7      | Killed Duvessa
  6656 | D:7      | Killed Dowan
  6993 | D:7      | Found a shadowy altar of Dithmenos.
  6993 | D:7      | Found a broken altar of Ashenzari.
  7173 | D:7      | Reached * piety under Wu Jian
  7599 | D:8      | Found a white marble altar of Elyvilon.
  8353 | D:8      | Reached XP level 11. HP: 66/66 MP: 12/12
  8956 | D:9      | Noticed a two-headed ogre
  8963 | D:9      | Killed a two-headed ogre
  9031 | D:9      | Reached ** piety under Wu Jian
  9208 | D:9      | Noticed a two-headed ogre
  9220 | D:9      | Killed a two-headed ogre
  9507 | D:9      | Found a staircase to the Lair.
  9744 | D:10     | Entered Level 10 of the Dungeon
  9745 | D:10     | Found a transporter.
  9774 | D:10     | Found a transporter.
  9778 | D:10     | Found a transporter.
  9873 | D:10     | Found a glowing silver altar of Zin.
  9964 | D:10     | Found Zorimec's Jewellery Shop.
 10149 | D:10     | Found Eschamicu's Distillery.
 10158 | D:10     | Reached *** piety under Wu Jian
 10237 | D:10     | Noticed a two-headed ogre
 10238 | D:10     | Bought a potion of resistance for 140 gold pieces
 10238 | D:10     | Bought a potion of mutation for 112 gold pieces
 10238 | D:10     | Bought a potion of attraction for 42 gold pieces
 10251 | D:10     | Killed a two-headed ogre
 10319 | D:10     | Found a transporter.
 10430 | D:10     | Found Hisixt's Antique Weapon Shop.
 10597 | D:11     | Noticed a two-headed ogre
 10683 | Lair:1   | Entered Level 1 of the Lair of Beasts
 11199 | Lair:1   | Reached XP level 12. HP: 75/75 MP: 13/13
 11886 | Lair:2   | Noticed an eight-headed hydra
 11889 | Lair:2   | Killed an eight-headed hydra
 11889 | Lair:2   | Identified the +7 arbalest of Focus {freeze, rF+ rC++
                  | Will+}
 11959 | Lair:2   | Noticed Harold
 11970 | Lair:2   | Killed Harold
 12767 | Lair:2   | Found a staircase to the Snake Pit.
 13223 | Lair:3   | Reached skill level 5 in Stealth
 13239 | Lair:3   | Reached skill level 15 in Unarmed Combat
 13438 | Lair:3   | Noticed Gastronok
 13868 | Lair:3   | Killed Gastronok
 14030 | Lair:3   | Found a staircase to the Shoals.
 14124 | Lair:4   | Reached XP level 13. HP: 80/80 MP: 14/14
 14171 | Lair:4   | Noticed Rupert
 14179 | Lair:4   | Reached **** piety under Wu Jian
 14192 | Lair:3   | Reached skill level 10 in Fighting
 14246 | Lair:4   | Found a gate leading to a gauntlet.
 14261 | Gauntlet | Entered a Gauntlet
 14261 | Gauntlet | Found a transporter.
 14261 | Gauntlet | Found a transporter.
 14261 | Gauntlet | Found a transporter.
 14262 | Gauntlet | Found a transporter.
 14266 | Gauntlet | Found a transporter.
 14276 | Gauntlet | Found a transporter.
 14278 | Gauntlet | Found a transporter.
 14288 | Gauntlet | Found a transporter.
 14296 | Gauntlet | Found a transporter.
 14313 | Gauntlet | Found a transporter.
 14321 | Gauntlet | Found a transporter.
 14338 | Gauntlet | Found a transporter.
 14483 | Gauntlet | Identified the ring "Deatt" {Fire rCorr MP+9 SInv}
 14485 | Gauntlet | Identified the +4 arbalest of Eternal War {heavy, +Blink
                  | rPois Will- Int+2}
 14625 | Gauntlet | Noticed a minotaur
 14638 | Gauntlet | Killed a minotaur
 14644 | Gauntlet | Identified the +0 robe "Nifa" {MP+9 Str+4 Dex-2 Archmagi}
 14645 | Gauntlet | Got a vellum book
 14667 | Lair:4   | Found a frozen archway.
 14690 | Lair:4   | Reached skill level 10 in Dodging
 14693 | Lair:4   | Found a viscous altar of Jiyva.
 14800 | IceCv    | Entered an ice cave
 14925 | IceCv    | Reached skill level 1 in Evocations
 15540 | IceCv    | Noticed a reaper
 15955 | Lair:4   | Found a staircase to the Slime Pits.
 15973 | Lair:4   | Reached skill level 1 in Armour
 16347 | Lair:4   | Reached ***** piety under Wu Jian
 16385 | Lair:4   | Paralysed by Rupert for 5 turns
 16390 | Lair:4   | Killed Rupert
 16390 | Lair:4   | Reached XP level 14. HP: 87/90 MP: 15/15
 16635 | Lair:5   | Entered Level 5 of the Lair of Beasts
 17824 | Lair:5   | Reached skill level 5 in Evocations
 18099 | Lair:5   | Paralysed by a hornet for 3 turns
 18356 | Lair:5   | Identified the staff of Thoughtfulness {rPois Dex+4 Poison}
 18803 | D:11     | Found a staircase to the Orcish Mines.
 18936 | D:11     | Identified the +2 leather armour of Unuazosm {Slay+5}
 19473 | Orc:1    | Entered Level 1 of the Orcish Mines
 19852 | Orc:2    | Entered Level 2 of the Orcish Mines
 19868 | Orc:2    | Paralysed by an orc sorcerer for 2 turns
 19986 | Orc:2    | Noticed Maurice
 19994 | Orc:2    | Killed Maurice
 20224 | Orc:2    | Reached XP level 15. HP: 77/96 MP: 12/16
 20750 | Orc:2    | Reached ****** piety under Wu Jian
 20838 | Orc:2    | Found Rugitaz's Antique Weapon Boutique.
 20873 | Orc:2    | Found Zediwyt's Magic Scroll Shop.
 20877 | Orc:2    | Found Ete Atso's Armour Emporium.
 20888 | Orc:2    | Found Cagem's Distillery.
 20962 | Orc:2    | Bought the +6 chain mail "Yllacut" {rElec rPois} for 632
                  | gold pieces
 21106 | Orc:2    | Found a staircase to the Elven Halls.
 21265 | Orc:2    | Bought a potion of might for 48 gold pieces
 21265 | Orc:2    | Bought a potion of brilliance for 48 gold pieces
 21379 | D:12     | Upgraded the game from 0.31-a0-851-g7ff8af7976 to
                  | 0.31-a0-853-gc9b61b78f7
 21826 | D:12     | Identified a scroll of acquirement
 21827 | D:12     | Acquired 633 gold pieces
 22661 | D:13     | Found a blossoming altar of Fedhas.
 22899 | D:13     | Noticed Lodul
 22902 | D:13     | Killed Lodul
 23500 | D:13     | Found a gate to the Vaults.
 24051 | D:14     | Found Kyd Bic's General Store.
 24053 | D:14     | Found Piet's Antique Weapon Shoppe.
 24057 | D:14     | Bought a scroll of identify for 30 gold pieces
 24057 | D:14     | Bought a scroll of identify for 30 gold pieces
 24057 | D:14     | Bought a scroll of identify for 30 gold pieces
 24554 | D:14     | Found Sibibeat's Antique Weapon Shoppe.
 24754 | D:14     | Reached XP level 16. HP: 104/104 MP: 17/17
 24776 | D:14     | Noticed Jorgrun
 24784 | D:14     | Killed Jorgrun
 24974 | D:14     | Found a glowing golden altar of the Shining One.
 24999 | D:15     | Entered Level 15 of the Dungeon
 26043 | D:15     | Noticed Agnes
 26056 | D:15     | Killed Agnes
 26676 | D:15     | Found a staircase to the Depths.
 26996 | D:4      | Bought a potion of curing for 30 gold pieces
 26996 | D:4      | Bought a potion of ambrosia for 80 gold pieces
 26996 | D:4      | Bought a potion of ambrosia for 80 gold pieces
 27062 | D:4      | Bought a potion of might for 48 gold pieces
 27062 | D:4      | Bought a potion of invisibility for 96 gold pieces
 27062 | D:4      | Bought a potion of curing for 36 gold pieces
 27062 | D:4      | Bought a potion of haste for 120 gold pieces
 27062 | D:4      | Bought a potion of lignification for 36 gold pieces
 27062 | D:4      | Bought a potion of heal wounds for 60 gold pieces
 27062 | D:4      | Bought a potion of curing for 36 gold pieces
 27062 | D:4      | Bought a potion of curing for 36 gold pieces
 27208 | Snake:1  | Entered Level 1 of the Snake Pit
 27594 | Snake:1  | Noticed leebro123's ghost (adept KoEn)
 27596 | Snake:1  | Found a transporter.
 27614 | Snake:1  | Found a transporter.
 28037 | Snake:1  | Found Tulluyll's Jewellery Shoppe.
 28164 | Snake:2  | Reached skill level 5 in Armour
 28231 | Snake:2  | Reached skill level 15 in Fighting
 28307 | Snake:2  | Found a runed translucent door.
 28440 | Snake:2  | Noticed Terghogha's ghost (journeyman DgSh)
 28938 | Snake:2  | Found Hiemp's Self-Improvement Boutique.
 28966 | Snake:2  | Reached XP level 17. HP: 70/113 MP: 18/18
 30310 | Snake:3  | Noticed Roxanne
 30615 | Snake:3  | Noticed Vashnia
 30795 | Snake:3  | Noticed Kirke
 30801 | Snake:3  | Killed Kirke
 30904 | Snake:3  | Killed Vashnia
 31532 | Snake:3  | Found Owneph's Book Emporium.
 31533 | Snake:3  | Found Kunluedgh's Jewellery Shop.
 31533 | Snake:3  | Found Hideij's Jewellery Shop.
 31736 | Snake:4  | Entered Level 4 of the Snake Pit
 33502 | Snake:4  | Reached XP level 18. HP: 45/124 MP: 19/19
 34076 | Snake:4  | Got a serpentine rune of Zot
 34408 | D:10     | Bought a potion of curing for 42 gold pieces
 34408 | D:10     | Bought a potion of curing for 42 gold pieces
 34408 | D:10     | Bought a potion of curing for 42 gold pieces
 34408 | D:10     | Bought a potion of curing for 42 gold pieces
 34441 | D:10     | Bought a ring of protection from cold for 350 gold pieces
 34551 | Orc:2    | Bought a potion of haste for 120 gold pieces
 34551 | Orc:2    | Bought a potion of cancellation for 96 gold pieces
 34551 | Orc:2    | Bought a potion of berserk rage for 60 gold pieces
 34551 | Orc:2    | Bought a potion of berserk rage for 60 gold pieces
 34753 | Shoals:1 | Entered Level 1 of the Shoals
 35012 | Shoals:1 | Noticed Josephine
 35043 | Shoals:1 | Killed Josephine
 35080 | Shoals:1 | Found Ussoam's General Store.
 35082 | Shoals:1 | Found Saojuf's Specific Store.
 35089 | Shoals:1 | Bought a scroll of identify for 22 gold pieces
 36641 | Shoals:2 | Paralysed by a fenstrider witch for 2 turns
 36924 | Shoals:3 | Noticed Polyphemus
 36955 | Shoals:3 | Killed Polyphemus
 37484 | Shoals:4 | Entered Level 4 of the Shoals
 37525 | Shoals:4 | Found a runed translucent door.
 37527 | Shoals:4 | Found a shimmering altar of Xom.
 37527 | Shoals:4 | Noticed confidenceinterval's ghost (adept MfSh)
 37749 | Shoals:4 | Reached skill level 15 in Dodging
 38103 | Shoals:4 | Got a barnacled rune of Zot
 38124 | Shoals:4 | Reached XP level 19. HP: 132/132 MP: 20/20
 38399 | Shoals:4 | Identified the +5 mace of the Tundras {heavy, rElec}
 38976 | Elf:1    | Entered Level 1 of the Elven Halls
 39582 | Elf:1    | Identified the +5 chain mail of Pathos {Str+3 Int+3 Dex+2}
 40542 | Elf:2    | Identified the +9 great mace "Acoi" {elec, Fly rCorr}
 40546 | Elf:2    | Identified the +5 shortbow of Beloved Gallantry {drain,
                  | Str+4}
 40547 | Elf:2    | Identified the +0 ring mail of Immorality {rN+ Slay-2
                  | Stlth+}
 40552 | Elf:2    | Identified the +2 robe "Assothex" {rCorr}
 40693 | Elf:2    | Found a runed translucent gate.
 40693 | Elf:2    | Found a runed translucent gate.
 40701 | Elf:2    | Found a runed translucent gate.
 41027 | Elf:2    | Found a portal to a secret trove of treasure.
 41942 | Elf:3    | Entered Level 3 of the Elven Halls
 42017 | Elf:3    | Found a flickering gateway to a bazaar.
 42138 | Bazaar   | Entered a bazaar
 42138 | Bazaar   | Found Ineulazi's Book Shop.
 42138 | Bazaar   | Found Uschadud's Assorted Antiques.
 42138 | Bazaar   | Found Ceublet's Weapon Shop.
 42138 | Bazaar   | Found Budiystu's Book Shoppe.
 42200 | Bazaar   | Bought a scroll of teleportation for 60 gold pieces
 42200 | Bazaar   | Bought a wand of roots (4) for 192 gold pieces
 42271 | Elf:3    | Noticed Aizul
 42286 | Elf:3    | Killed Aizul
 42363 | Elf:3    | Reached XP level 20. HP: 140/140 MP: 21/21
 42537 | Elf:3    | Identified the +4 spear of the Sneaky Towns {flame, +Blink
                  | rN+ Str+3 Dex-5 SInv}
 42623 | Elf:3    | Identified the +3 short sword of Blind Justice {antimagic,
                  | rElec Int+5}
 42692 | Elf:3    | Identified the staff "Wamy" {rC+ Dex+4 Ice}
 42699 | Elf:3    | Identified the +0 pair of boots of the Lonely Xalams {-Tele
                  | rF+ Regen+ Dex+3}
 42703 | Elf:3    | Got an antique book
 43493 | Snake:3  | Bought a ring of willpower for 275 gold pieces
 43772 | Orc:2    | Bought a potion of enlightenment for 60 gold pieces
 43772 | Orc:2    | Bought a potion of enlightenment for 60 gold pieces
 44141 | D:10     | Found an iron altar of Okawaru.
 44224 | Vaults:1 | Entered Level 1 of the Vaults
 44369 | Vaults:1 | Reached skill level 10 in Armour
 44432 | Vaults:1 | Found the +3 salamander hide armour {Flames, rFlCloud rF++
                  | rC--}
 44453 | Vaults:1 | Found Juegiugh's Antique Weapon Boutique.
 44655 | Vaults:1 | Noticed Zenata
 44665 | Vaults:1 | Killed Zenata
 44800 | Vaults:1 | Noticed Saint Roka
 44814 | Vaults:1 | Noticed Asterion
 44820 | Vaults:1 | Killed Saint Roka
 44841 | Vaults:1 | Killed Asterion
 45482 | Vaults:1 | Found Rethal's Antique Weapon Emporium.
 45848 | Vaults:2 | Reached XP level 21. HP: 145/146 MP: 22/22
 46129 | Vaults:2 | Found Nycutu's Antique Armour Shoppe.
 46141 | Vaults:2 | Bought a warped chain mail for 389 gold pieces
 46141 | Vaults:2 | Identified the +5 chain mail of Jiaweakh {Contam Harm
                  | Rampage Str+2} (You bought it in a shop on level 2 of the
                  | Vaults)
 46272 | Vaults:2 | Found Zuidoyv's Jewellery Shoppe.
 46275 | Vaults:2 | Found Qefixkack's Book Shop.
 46471 | Vaults:2 | Noticed Donald
 46478 | Vaults:2 | Killed Donald
 46678 | Vaults:2 | Found a staircase to the Crypt.
 46744 | Vaults:2 | Found Maegh's Assorted Antiques.
 46758 | Vaults:2 | Bought a scroll of fog for 136 gold pieces
 46758 | Vaults:2 | Bought a scroll of revelation for 255 gold pieces
 46885 | Vaults:2 | Found Juizaosose's Magic Scroll Boutique.
 46905 | Vaults:2 | Bought a scroll of teleportation for 57 gold pieces
 47409 | Vaults:3 | Found Beifeip's Armour Emporium.
 47617 | Vaults:3 | Found Kuarigyri's Weapon Shop.
 47720 | Vaults:3 | Identified the +5 falchion of Foul Odours {pain, rElec
                  | Int+6 Stlth+}
 47745 | Vaults:3 | Reached skill level 10 in Shapeshifting
 47757 | Vaults:3 | Reached XP level 22. HP: 115/153 MP: 23/23
 48237 | Vaults:3 | Found Haomemom's Magic Scroll Shop.
 48243 | Vaults:3 | Bought a scroll of fear for 56 gold pieces
 48243 | Vaults:3 | Bought a scroll of summoning for 133 gold pieces
 48243 | Vaults:3 | Bought a scroll of revelation for 105 gold pieces
 48733 | Vaults:4 | Noticed Sojobo
 48751 | Vaults:4 | Killed Sojobo
 49049 | Vaults:4 | Noticed Mennas
 49076 | Vaults:4 | Killed Mennas
 49879 | Vaults:4 | Identified the ring of the Locust {*Corrode Fly AC+4 Dex+5}
 50615 | Crypt:1  | Entered Level 1 of the Crypt
 50616 | Crypt:1  | Upgraded the game from 0.31-a0-853-gc9b61b78f7 to
                  | 0.31-a0-858-g469dc525a8
 52120 | Crypt:2  | Noticed an ancient lich
 52126 | Crypt:2  | Killed an ancient lich
 52238 | Crypt:2  | Learned a level 2 spell: Wereblood
 52242 | Crypt:2  | Found the +6 Majin-Bo {spellvamp, MP+6 Int+6}
 52345 | Crypt:2  | Reached XP level 23. HP: 159/160 MP: 24/24
 52717 | Crypt:3  | Entered Level 3 of the Crypt
 53034 | Crypt:3  | HP: 5/160 [ancient champion/iron shot (44)]
 53392 | Crypt:3  | Found a staircase to the Tomb.
 53532 | Crypt:3  | Noticed a curse toe
 53702 | Crypt:3  | Found an ancient bone altar of Kikubaaqudgha.
 53702 | Crypt:3  | Killed a curse toe
 53727 | Crypt:3  | Found a basalt altar of Yredelemnul.
 53764 | Crypt:3  | Got a clothbound book
 54532 | Shoals:4 | Killed confidenceinterval's ghost
 54843 | Snake:2  | Killed Terghogha's ghost
 54898 | Snake:3  | Killed Roxanne
 55400 | Depths:1 | Entered Level 1 of the Depths
 55404 | Depths:1 | Found Veinerergh's Distillery.
 55405 | Depths:1 | Found a gateway to Hell.
 55412 | Depths:1 | Bought 2 potions of might for 96 gold pieces
 55412 | Depths:1 | Bought a potion of invisibility for 96 gold pieces
 55412 | Depths:1 | Bought a potion of curing for 36 gold pieces
 55412 | Depths:1 | Bought a potion of enlightenment for 60 gold pieces
 55412 | Depths:1 | Bought a potion of curing for 36 gold pieces
 55412 | Depths:1 | Bought a potion of haste for 120 gold pieces
 55412 | Depths:1 | Bought 2 potions of haste for 240 gold pieces
 55792 | Depths:1 | Found a hazy altar of Hepliaklqana.
 55929 | Depths:1 | Noticed a juggernaut
 55936 | Depths:1 | Killed a juggernaut
 56525 | Depths:2 | Found a one-way gate leading to the halls of Pandemonium.
 56561 | Depths:2 | Found a one-way gateway to a ziggurat.
 56606 | Depths:2 | Found a flickering gateway to a bazaar.
 56649 | Depths:2 | Reached XP level 24. HP: 107/162 MP: 24/24
 56814 | Bazaar   | Entered a bazaar
 56835 | Bazaar   | Found Doebbath's Jewellery Emporium.
 56869 | Bazaar   | Found Gunaoffe's Antique Weapon Shoppe.
 56885 | Bazaar   | Found Ruelang's Weapon Boutique.
 56910 | Bazaar   | Found Ehoriec's Armour Emporium.
 56992 | Bazaar   | Found Quvit's Antique Armour Emporium.
 56997 | Bazaar   | Bought a runed hat for 112 gold pieces
 57045 | Bazaar   | Bought the ring "Garph" {rN++ Dex+6} for 535 gold pieces
 57730 | Depths:2 | Reached skill level 15 in Shapeshifting
 58256 | Depths:3 | Noticed Parghit
 58264 | Depths:3 | Killed Parghit
 59298 | Depths:3 | Paralysed by a floating eye for 4 turns
 59382 | Depths:3 | Found a one-way gate to the infinite horrors of the Abyss.
 59575 | Depths:4 | Entered Level 4 of the Depths
 59883 | Depths:4 | Noticed Louise
 59889 | Depths:4 | Killed Louise
 60112 | Depths:4 | Found a gate to the Realm of Zot.
 60794 | Depths:4 | Reached skill level 15 in Armour
 61382 | Slime:1  | Entered Level 1 of the Pits of Slime
 61410 | Slime:1  | Reached XP level 25. HP: 118/172 MP: 24/24
 61812 | Slime:5  | Entered Level 5 of the Pits of Slime
 61921 | Slime:5  | Found a viscous altar of Jiyva.
 61949 | Slime:5  | Noticed the Royal Jelly
 61956 | Slime:5  | Killed the Royal Jelly
 62033 | Slime:5  | Identified the +9 shortbow "Qusaem" {elec, Int+2}
 62053 | Slime:5  | Identified the +1 plate armour of the Meager God {Regen+
                  | SInv}
 62055 | Slime:5  | Got a slimy rune of Zot
 62097 | Slime:5  | Identified the +0 spear of Discomfort {antimagic, Fly
                  | rCorr}
 62142 | Slime:5  | Identified the +4 broad axe of Xezifix {holy, *Rage +Blink
                  | Fly rN+ MP+9}
 62145 | Slime:5  | Identified the +7 morningstar "Nageij" {venom, Str+3}
 62603 | Zot:1    | Entered Level 1 of the Realm of Zot
 63468 | Zot:1    | Noticed Calu's ghost (legendary KoHu)
 63475 | Zot:1    | Found a runed translucent gate.
 63475 | Zot:1    | Found a runed translucent gate.
 63477 | Zot:1    | Found a runed translucent gate.
 64067 | Zot:2    | Identified the staff "Hitotru" {rF+ rN+ Fire}
 64110 | Zot:2    | Noticed an orb of fire
 64112 | Zot:2    | Gained mutation: You occasionally lose the ability to drink
                  | potions when taking damage. [an orb of fire]
 64118 | Zot:2    | Killed an orb of fire
 64663 | Zot:2    | Found the +4 dragonskin cloak
 64663 | Zot:2    | Noticed Tiamat
 64681 | Zot:2    | Killed Tiamat
 65098 | Zot:3    | Reached XP level 26. HP: 162/180 MP: 24/24
 66412 | Zot:4    | Found a transporter.
 66544 | Zot:4    | Found a transporter.
 67017 | Vaults:5 | Entered Level 5 of the Vaults
 67161 | Vaults:5 | Got a humming book
 67180 | Vaults:5 | Identified the +6 morningstar of Duruatus {spect, rN+
                  | Int+2}
 67340 | Vaults:5 | Reached XP level 27. HP: 173/188 MP: 24/24
 67449 | Vaults:5 | Identified the +7 glaive "Earthworm" {drain, rC+ rN+ Int-2
                  | Dex+8}
 67477 | Vaults:5 | Identified the ring of Korchurgh {+Blink rElec rC- EV+5
                  | Stlth+}
 67485 | Vaults:5 | Got a silver rune of Zot
 67579 | Vaults:5 | Identified the +1 rapier "Xalidam" {heavy, +Blink rElec rC-
                  | Str+3 Stlth+}
 67723 | Vaults:5 | Identified the +4 great mace "Ysak" {spect, Will+ Dex+2}
 67956 | Vaults:5 | Noticed Xtahua
 67957 | Vaults:5 | Killed Xtahua
 68062 | Vaults:5 | Found the -2 hat of the Alchemist {rElec rPois rF+ rC+ rN+
                  | Will+ rMut rCorr}
 68910 | Zot:4    | Gained mutation: You occasionally shout uncontrollably at
                  | your foes. [mutagenic glow]
 68969 | Zot:4    | Identified the amulet "Lefomn" {RegenMP +Blink rF+ rC++
                  | Int-5}
 68983 | Zot:4    | Identified the ring "Asoete Roach" {Wiz rF+ Str-2 Slay+2}
 69017 | Zot:4    | Lost mutation: You occasionally shout uncontrollably at
                  | your foes. [potion of mutation]
 69017 | Zot:4    | Lost mutation: You occasionally lose the ability to drink
                  | potions when taking damage. [potion of mutation]
 69017 | Zot:4    | Gained mutation: You have hidden genetic potential. [potion
                  | of mutation]
 69017 | Zot:4    | Gained mutation: You are resistant to electric shocks.
                  | (rElec) [potion of mutation]
 69019 | Zot:5    | Entered Level 5 of the Realm of Zot
 69538 | Zot:5    | Noticed an ancient lich
 69542 | Zot:5    | Killed an ancient lich
 69548 | Zot:5    | Noticed an orb of fire
 69553 | Zot:5    | Killed an orb of fire
 69563 | Zot:5    | Noticed an orb of fire
 69564 | Zot:5    | Noticed an orb of fire
 69566 | Zot:5    | Killed an orb of fire
 69568 | Zot:5    | Killed an orb of fire
 69639 | Zot:5    | Noticed a dread lich
 69640 | Zot:5    | Paralysed by a dread lich for 3 turns
 69643 | Zot:5    | Killed a dread lich
 69643 | Zot:5    | Reached skill level 10 in Evocations
 69676 | Zot:5    | Noticed an orb of fire
 69683 | Zot:5    | Noticed a dread lich
 69683 | Zot:5    | Killed an orb of fire
 69683 | Zot:5    | Noticed an orb of fire
 69696 | Zot:5    | Killed an orb of fire
 69701 | Zot:5    | Killed a dread lich
 70188 | Zig:1    | Entered Level 1 of a ziggurat
 70196 | Zig:2    | Entered Level 2 of a ziggurat
 70212 | Zig:3    | Entered Level 3 of a ziggurat
 70248 | Zig:4    | Entered Level 4 of a ziggurat
 70275 | Zig:5    | Entered Level 5 of a ziggurat
 70302 | Zig:6    | Entered Level 6 of a ziggurat
 70316 | Zig:6    | Reached skill level 1 in Spellcasting
 70321 | Zig:6    | Reached skill level 1 in Transmutations
 70330 | Zig:6    | Got a gaudy book
 70344 | Zig:7    | Entered Level 7 of a ziggurat
 70348 | Zig:7    | Noticed a juggernaut
 70352 | Zig:7    | Noticed a juggernaut
 70356 | Zig:7    | Killed a juggernaut
 70360 | Zig:7    | Found the +5 glaive of the Guard {elec, spectral}
 70360 | Zig:7    | Killed a juggernaut
 70372 | Zig:7    | Gained mutation: Your flesh is heat resistant. (rF+)
                  | [hidden potential]
 70454 | Pan      | Entered Pandemonium
 70611 | Pan      | Found a white marble altar of Elyvilon.
 71002 | Pan      | Noticed a seraph
 71008 | Pan      | Killed a seraph
 71289 | Pan      | Identified the +5 dire flail of the Lurker {drain, Str+4
                  | Int+4}
 71299 | Pan      | Reached skill level 5 in Transmutations
 71323 | Pan      | Identified the +7 flail "Geismab" {antimagic, rF+ rC+
                  | Dex+3}
 71324 | Pan      | Identified the +5 scale mail of Ennui {Harm}
 71324 | Pan      | Identified the ring of Ascent {rF+ Dex+7}
 71354 | Pan      | Found a glowing golden altar of the Shining One.
 71370 | Pan      | Got a demonic rune of Zot
 71372 | Pan      | Identified the +6 hand axe of Ixtuf {flame, rF++}
 71379 | Pan      | Identified the +4 quarterstaff "Ywiamies" {freeze, Will+
                  | Str+3}
 71384 | Pan      | Got a conspicuous book
 71513 | Pan      | Noticed Rimmiug the pandemonium lord
 71566 | Pan      | Gained mutation: You occasionally lose the ability to drink
                  | potions when taking damage. [a cacodemon]
 71762 | Pan      | Reached skill level 5 in Spellcasting
 71829 | Pan      | Killed Rimmiug the pandemonium lord
 72176 | Pan      | Learned a level 1 spell: Apportation
 72695 | Pan      | Noticed Ypeimeuq the pandemonium lord
 72839 | Pan      | Entered the realm of Cerebov.
 72965 | Pan      | Gained mutation: Your spells are a little harder to cast,
                  | but a little more powerful. [hidden potential]
 72965 | Pan      | Lost mutation: You have hidden genetic potential. [hidden
                  | potential expressed]
 72966 | Pan      | Lost mutation: Your spells are a little harder to cast, but
                  | a little more powerful. [potion of mutation]
 72966 | Pan      | Lost mutation: Your flesh is heat resistant. (rF+) [potion
                  | of mutation]
 72966 | Pan      | Lost mutation: You occasionally lose the ability to drink
                  | potions when taking damage. [potion of mutation]
 72999 | Pan      | Found an exit through the horrors of the Abyss.
 73441 | Pan      | Identified the +11 scimitar of Courage {freeze, rElec rC+
                  | Stlth+}
 73441 | Pan      | Identified the +4 robe of Ajoum {Slay+3 SInv}
 73476 | Pan      | Identified the +2 trident of Glory {freeze, Str+4}
 73591 | Pan      | Found the +6 sword of Cerebov {flame}
 73591 | Pan      | Noticed Cerebov
 73641 | Pan      | Killed Cerebov
 73698 | Pan      | Got a fiery rune of Zot
 73732 | Pan      | Identified the +4 arbalest of Freehold {elec, +Blink Int-2
                  | Dex+2}
 73814 | Pan      | Learned a level 2 spell: Passwall
 73974 | Pan      | Noticed Wycwaqa the pandemonium lord
 73984 | Pan      | Reached skill level 10 in Transmutations
 73989 | Pan      | Killed Wycwaqa the pandemonium lord
 74535 | Pan      | Reached skill level 1 in Translocations
 74694 | Pan      | Reached skill level 1 in Earth Magic
 74740 | Pan      | Identified the +5 chain mail of Lifelessness {rC+ Int+3}
 75054 | Pan      | Noticed Uluh the pandemonium lord
 75378 | Pan      | Noticed Xemmuih the pandemonium lord
 75384 | Pan      | Killed Xemmuih the pandemonium lord
 75388 | Depths:2 | Escaped Pandemonium
 75453 | Pan      | Entered the realm of Lom Lobon.
 75453 | Pan      | Entered Pandemonium
 75501 | Pan      | Noticed Lom Lobon
 75507 | Pan      | Killed Lom Lobon
 75515 | Pan      | Got a magical rune of Zot
 75586 | Pan      | Found an exit through the horrors of the Abyss.
 75681 | Pan      | Found an exit through the horrors of the Abyss.
 75755 | Pan      | Reached skill level 5 in Translocations
 76047 | Pan      | Entered the realm of Mnoleg.
 76053 | Pan      | Found an exit through the horrors of the Abyss.
 76095 | Pan      | Noticed Mnoleg
 76100 | Pan      | Killed Mnoleg
 76102 | Pan      | Gained mutation: Armour fits poorly on your strangely
                  | shaped body. [a cacodemon]
 76108 | Pan      | Reached skill level 5 in Earth Magic
 76178 | Pan      | Got a glowing rune of Zot
 76199 | Pan      | Identified the +2 rapier "Lasch" {freeze, Contam rPois rC++
                  | Str-3}
 76246 | Pan      | Entered the realm of Gloorx Vloq.
 76269 | Pan      | Lost mutation: Armour fits poorly on your strangely shaped
                  | body. [potion of mutation]
 76269 | Pan      | Lost mutation: You are resistant to electric shocks.
                  | (rElec) [potion of mutation]
 76269 | Pan      | Gained mutation: Your mind is acute. (Int +4, Str/Dex -1)
                  | [potion of mutation]
 76419 | Pan      | Found an exit through the horrors of the Abyss.
 77137 | Pan      | Noticed Gloorx Vloq
 77141 | Pan      | Killed Gloorx Vloq
 77175 | Pan      | Got a dark rune of Zot
 77287 | Pan      | Took an exit into the Abyss.
 77287 | Abyss:1  | Escaped into the Abyss
 77296 | Abyss:1  | Found a corrupted altar of Lugonu.
 77308 | Abyss:2  | Found a corrupted altar of Lugonu.
 77348 | Abyss:3  | Learned a level 2 spell: Blink
 77351 | Abyss:3  | Learned a level 2 spell: Lesser Beckoning
 77406 | Abyss:3  | Found a corrupted altar of Lugonu.
 77408 | Abyss:3  | Got an abyssal rune of Zot
 77410 | Depths:2 | Escaped the Abyss
 77721 | Zot:5    | Got the Orb of Zot
 77859 | Depths:4 | Noticed Otammih the pandemonium lord
 77865 | Depths:4 | Killed Otammih the pandemonium lord
 78258 | D:$      | Escaped with the Orb!

Illustrated notes

Levels and vault maps discovered:
D:1:      dpeg_arrival_shelter, layout_loops_ring
D:2:      layout_basic
D:3:      layout_basic, shapermc_ecumenical_altar_venn,
          minmay_misc_feat_enclosed, corexii_item_surrounded_by_moat
D:4:      layout_loops_ring, serial_shops, shop, nicolae_shop_behind_doors,
          nicolae_shop_back_alley_shop, nicolae_shop_i_like_big_books
D:5:      black_bear_nest_2, layout_gridville, lemuel_tele_altar, minitemple,
          chequers_hall_statues_corner_a, uniq_pikel
D:6:      kennysheep_kobold_camp, layout_cave_pools, minmay_temple_entry_trees,
          serial_gnoll_camp, gnoll_camp_medium_01, gnoll_camp_mini_loothouse,
          grums_kennel, gnoll_camp_mini_doghouse, gnoll_camp_huts_basic,
          uniq_sigmund
D:7:      layout_layer_cave, gammafunk_temple_overflow_pools, uniq_joseph,
          uniq_duvessa
D:8:      layout_layer_cave, mainiacjoe_overflow_boulevard, serial_undead,
          serial_undead_e, serial_undead_a, serial_undead_f, serial_undead_a
D:9:      layout_cave_pools, lair_entry_dummy
D:10:     layout_gridville, nicolae_overflow_hidden_temple, serial_shops,
          nicolae_shop_peninsula, shop, nicolae_shop_advertising_works
          [nicolae_subvault_shop_adworks], st_stairs_1,
          nicolae_diode_intersection
D:11:     layout_irregular_city, erik_orc_4, hangedman_decor_diamond_cutter
D:12:     layout_basic
D:13:     layout_roguey, hangedman_vaults_entry_quadrant_bands,
          hangedman_abyss_or_decor_lesser_grid, amethyst_killhole,
          fedhas_altar_fruit_tree, uniq_lodul
D:14:     layout_basic, serial_shops, nicolae_shop_rolling_square, shop, shop,
          nicolae_tso_swordbearing_angel, uniq_jorgrun
D:15:     gammafunk_enter_depths_forms, layout_loops_ring, serial_bayou,
          serial_bayou_lagoon_a, serial_bayou_pond_e, serial_bayou_pond_a,
          serial_bayou_crossing, minmay_misc_feat_square, uniq_agnes
Temple:   hellmonk_temple_divided_pantheon
Lair:1:   layout_cave_pods, lemuel_fruit_tree
Lair:2:   layout_regular_city, nicolae_snake_entry_warm_welcome,
          grunt_megastairs_1, uniq_harold
Lair:3:   layout_big_grid, minmay_shoals_entry_lonely_mermaid, uniq_gastronok
Lair:4:   layout_roguey, minmay_slime_entry_pillars, gauntlet_entry_generic,
          portal_ice_cave_entry_ice_simulacra, grunt_megastairs_5, uniq_rupert
Lair:5:   minmay_lair_end_enchanted_forest, layout_regular_city
Shoals:1: layout_shoals, nicolae_specific_store, uniq_josephine
Shoals:2: layout_shoals, nicolae_shoals_beach_house_on_fowls_legs
Shoals:3: layout_shoals, uniq_polyphemus
Shoals:4: shoals_end_grunt_garden, layout_shoals, ebering_ghost_xom
Snake:1:  layout_rooms, gammafunk_ghost_arena, serial_shops, shop,
          grunt_ministairs_5, nicolae_snake_snakewalk
Snake:2:  layout_basic, ebering_ghost_reflecting_pool, nicolae_shop_self_help
Snake:3:  layout_cave_shapes, minmay_shop_grove, uniq_vashnia, uniq_kirke,
          uniq_roxanne
Snake:4:  grunt_snake_rune_pools, layout_chambers,
          nicolae_snake_salamander_jacuzzi
Slime:1:  layout_caves
Slime:2:  nicolae_slime_pool, layout_caves
Slime:3:  layout_caves, cheibrodos_slime_lost_civilization_6
Slime:4:  layout_caves
Slime:5:  slime_pit_nicolae_jellycorners
Orc:1:    layout_diamond_mine
Orc:2:    st_orc_open, layout_caves, uniq_maurice
Elf:1:    layout_onion_city, hangedman_elf_represent, lemuel_flame_loot_1,
          lemuel_upstairs_altar
Elf:2:    nicolae_elf_blades_splatter_lattice [infiniplex_blade_entry_pillars],
          layout_loops_corners, nicolae_trove_entry_path_of_doom,
          dk_noncrumbling_3, minmay_the_grid_square_5x5_3x3_mashed
          [minmay_the_grid_square_5x5_inner_v,
          minmay_the_grid_square_5x5_spiral_small,
          minmay_the_grid_square_5x5_gyroscope,
          minmay_the_grid_square_5x5_half_checkered,
          minmay_the_grid_square_5x5_megaprize_crossed,
          minmay_the_grid_square_5x5_dogpile,
          minmay_the_grid_square_5x5_almost_minimal,
          minmay_the_grid_square_5x5_three,
          minmay_the_grid_square_5x5_tetrominoes]
Elf:3:    grunt_elf_hall_spiral, layout_geoelf_grid, serial_shops,
          bzr_entry_islet, uniq_aizul
Vaults:1: v_misc_3, nicolae_vaults_big_angled_halls, ontoclasm_vaults_shout,
          v_misc_33, nicolae_vaults_mini_display_case,
          nicolae_vaults_double_plus_1, hangedman_vaults_restitches,
          nicolae_vaults_network_s, v_alt_pattern_3,
          nicolae_vaults_little_squares_6, v_pattern_5,
          hangedman_vaults_corner_blocks, nicolae_vaults_diamond_1,
          nicolae_vaults_specimen_jars, layout_vaults_maze_snakey, serial_shops,
          nicolae_shop_crystal, nicolae_shop_real_fake_doors, uniq_saint_roka,
          uniq_zenata, uniq_asterion
Vaults:2: nicolae_vaults_trapezoid_lopsided_1, nicolae_vaults_closet_pinwheel_1,
          nicolae_vaults_door_testing_chamber,
          minmay_crypt_entry_skeletal_spiral, hangedman_vaults_nodes,
          nicolae_vaults_double_plus_3, nicolae_vaults_storage_closets_2,
          nicolae_vaults_hexular_roomagon, vaults_dpeg_spiral, v_alt_pattern_2,
          ontoclasm_vaults_eye, layout_vaults_omnibox, serial_shops, shop,
          nicolae_shop_dealshenge, nicolae_shop_peninsula, shop, shop,
          uniq_donald
Vaults:3: nicolae_vaults_wrenched, nicolae_vaults_trapezoid_lopsided_3,
          nicolae_vaults_oval_intersection, nicolae_vaults_variable_pillar_hall,
          nicolae_vaults_stairing_the_circle, v_misc_14, ontoclasm_vaults_spin,
          v_misc_24, serial_ice_b, hangedman_vaults_cutoff,
          layout_vaults_omnigrid, serial_shops, nicolae_shop_just_a_little_nook,
          shop, nicolae_shop_hallway_plus
Vaults:4: vaults_dpeg_cross, nicolae_vaults_heist,
          nicolae_vaults_offset_grid_hallway_4, nicolae_vaults_double_plus_2,
          ontoclasm_vaults_claustrophobia, nicolae_vaults_more_shelving_2,
          nicolae_vaults_trapezoid_2, nicolae_vaults_tangram_2, v_alt_pattern_3,
          nicolae_vaults_trapezoid_1, nicolae_vaults_closet_pinwheel_2,
          nicolae_vaults_angled_halls, layout_vaults_omnicross, uniq_sojobo,
          uniq_mennas
Vaults:5: uniq_xtahua
Crypt:1:  layout_basic
Crypt:2:  minmay_guarded_unrand_majin_bo, layout_gridlike,
          corexii_hall_statues_s
Crypt:3:  lightli_unholy_cathedral, layout_chaotic_city,
          nicolae_tomb_entry_rubble_hallway, st_stairs_2, grunt_megastairs_2
Depths:1: layout_gridlike, hell_entry, nicolae_hepliaklqana_hazy_memory,
          serial_shops, shop, nicolae_titane, serial_bayou_shore_b,
          hangedman_decor_cross_pass
Depths:2: kennysheep_demon_jail, layout_gridlike, enter_ziggurat_f,
          lightli_too_deep, pan_entry, minmay_tree_intersection, serial_shops,
          bzr_entry_dummy, minmay_metal_thing
Depths:3: minmay_dotted_concentric_squares, layout_gridlike, abyss_entry,
          grunt_hell_entry_dis_mu, hangedman_eye_storm, uniq_parghit
Depths:4: grunt_zot_entry_pinwheel, layout_gridlike, eino_curves_01,
          nicolae_abyss_entry_one_way_or_another, hangedman_geh_valley,
          infiniplex_staircase_pool_lava
Zot:1:    layout_basic, gammafunk_ghost_split
Zot:2:    layout_cathedral_of_symmetry, uniq_tiamat
Zot:3:    layout_cathedral_of_symmetry, grunt_megastairs_3
Zot:4:    gammafunk_its_a_trap, layout_misc_corridors
Zot:5:    layout_concentric_octagons

Skill      XL: |  1  2  3  4  5  6  7  8  9 10 11 12 13 14 15 16 17 18 19 20 21 22 23 24 25 26 27 |
---------------+----------------------------------------------------------------------------------+-----
Unarmed Combat | 4 5 7 8 10 12 13 15 16 17 18 19 20 22 23 24 25 26 | 26.9
Shapeshifting  | 3 4 5 6 7 8 9 10 13 14 16 17 19 | 19.0
Stealth        | 2 3 5 7 |  7.7
Fighting       | 2 4 5 6 8 9 11 13 15 17 18 19 20 21 22 23 26 | 26.6
Dodging        | 3 5 6 7 8 9 10 11 12 13 14 15 16 17 18 19 20 21 | 21.3
Evocations     | 4 5 6 7 14 | 14.8
Armour         | 2 3 4 6 7 8 9 10 12 13 15 16 17 23 | 23.1
Spellcasting   | 6 |  6.6
Transmutations | 12 | 12.2
Translocations | 9 |  9.1
Earth Magic    | 7 |  7.7

Action                     |  1- 3 |  4- 6 |  7- 9 | 10-12 | 13-15 | 16-18 | 19-21 | 22-24 | 25-27 || total
---------------------------+-------+-------+-------+-------+-------+-------+-------+-------+-------++-------
  Melee: Unarmed           |    65 |   121 |   221 |   474 |   855 |  1115 |  1239 |  1328 |  2853 ||  8271
         Kick              |    12 |    26 |    87 |   167 |   329 |   469 |   585 |   603 |  1333 ||  3611
         Peck              |     4 |    17 |    43 |   103 |   202 |   309 |   366 |   405 |   842 ||  2291
         Punch             |     1 |     2 |    16 |    49 |    95 |   168 |   242 |   262 |   589 ||  1424
   Fire: Sling             |    11 |     1 |       |       |       |       |       |       |       ||    12
         Arbalest          |       |       |       |    26 |       |       |       |       |       ||    26
  Throw: Stone             |       |     6 |    24 |    69 |       |       |       |       |       ||    99
         Boomerang         |       |       |     2 |    19 |   139 |   124 |    26 |       |       ||   310
         Dart              |       |       |     6 |    24 |    37 |     1 |     5 |       |       ||    73
         Throwing net      |       |       |     5 |    10 |    11 |       |     2 |       |       ||    28
         Javelin           |       |       |       |     1 |     2 |     1 |       |       |       ||     4
   Cast: Passwall          |       |       |       |       |       |       |       |       |    10 ||    10
         Wereblood         |       |       |       |       |       |       |       |       |     3 ||     3
         Apportation       |       |       |       |       |       |       |       |       |     1 ||     1
 Invoke: Serpent's Lash    |       |       |       |     5 |    17 |    16 |    18 |    22 |    46 ||   124
         Heavenly Storm    |       |       |       |       |       |     2 |     1 |       |     6 ||     9
Ability: Lunge             |       |       |     7 |    88 |   155 |   194 |   174 |   232 |   424 ||  1274
         Whirlwind         |       |       |       |    17 |   102 |   181 |   283 |   280 |  1019 ||  1882
         Wall Jump         |       |       |       |     1 |    24 |    24 |    44 |    47 |    19 ||   159
  Evoke: Wand              |       |       |       |     1 |    59 |    21 |    14 |    20 |    28 ||   143
         Lightning rod     |       |       |       |       |    13 |     4 |     6 |     5 |       ||    28
         Phial of floods   |       |       |       |       |       |       |     3 |     1 |       ||     4
         Box of beasts     |       |       |       |       |       |       |     1 |     1 |     1 ||     3
         Tin of tremorston |       |       |       |       |       |       |       |       |     2 ||     2
    Use: Potion            |       |     2 |     1 |     2 |     6 |    15 |    16 |    18 |    37 ||    97
         Scroll            |       |     3 |     1 |     5 |    18 |    14 |     8 |    12 |    29 ||    90
   Stab: Sleeping          |     2 |       |       |     4 |    16 |     1 |     2 |     3 |     3 ||    31
         Held in net/web   |       |       |     3 |     7 |     7 |       |     3 |       |       ||    20
         Distracted        |       |       |       |     2 |     6 |     1 |     2 |     3 |     4 ||    18
         Invisible         |       |       |       |       |     3 |     6 |     3 |     2 |    11 ||    25
         Fleeing           |       |       |       |       |       |     1 |       |       |       ||     1
 Armour: Animal skin       |     9 |       |       |       |       |       |       |       |       ||     9
         Leather armour    |     3 |    11 |       |    79 |   117 |       |       |       |       ||   210
         Skin              |       |    45 |       |       |       |       |       |       |     2 ||    47
         Chain mail        |       |    45 |    78 |    31 |    69 |   385 |   317 |   311 |   235 ||  1471
         Robe              |       |       |       |       |    25 |       |       |       |       ||    25
         Gold dragon scale |       |       |       |       |       |       |       |       |   531 ||   531
  Dodge: Dodged            |    26 |    53 |   119 |   311 |   431 |   543 |   427 |   454 |  1089 ||  3453
  Block: Other             |       |       |       |       |       |    86 |       |       |       ||    86
         Reflection        |       |       |       |       |       |    14 |       |       |       ||    14
   Form: Blade             |       |       |       |       |       |       |     1 |       |       ||     1

Table legend: (Time is in decaauts)
 A = Elapsed time spent in this place.
 B = Non-inter-level travel time spent in this place.
 C = Inter-level travel time spent in this place.
 D = Time resting spent in this place.
 E = Time spent auto-exploring this place.
 F = Levels seen in this place.
 G = Mean time per level.
                   A        B        C        D        E       F      G
               +--------+--------+--------+--------+--------+-----+--------+
         Total |  77580 |  68609 |   8971 |   9909 |  29333 |  92 |  843.3 |
       Dungeon |  19250 |  16039 |   3211 |   2096 |   8936 |  15 | 1283.3 |
        Temple |     36 |     36 |      0 |      0 |      0 |   1 |   36.0 |
          Lair |   7782 |   6608 |   1174 |   1309 |   3270 |   5 | 1556.4 |
        Shoals |   4444 |   3947 |    497 |    477 |   1778 |   4 | 1111.0 |
     Snake Pit |   7546 |   6867 |    679 |   1943 |   2954 |   4 | 1886.5 |
    Slime Pits |    808 |    808 |      0 |    103 |      0 |   5 |  161.6 |
  Orcish Mines |   2199 |   1619 |    580 |    356 |    428 |   2 | 1099.5 |
   Elven Halls |   4123 |   3780 |    343 |    328 |   1375 |   3 | 1374.3 |
        Vaults |   7518 |   6746 |    772 |    620 |   2861 |   5 | 1503.6 |
         Crypt |   3477 |   3299 |    178 |    443 |   1456 |   3 | 1159.0 |
        Depths |   6191 |   5437 |    754 |    687 |   2532 |   4 | 1547.8 |
           Zot |   5655 |   4878 |    777 |    524 |   2473 |   5 | 1131.0 |
         Abyss |    122 |    122 |      0 |      0 |      0 |   3 |   40.7 |
   Pandemonium |   6642 |   6642 |      0 |    609 |   1225 |  22 |  301.9 |
      Ziggurat |    204 |    204 |      0 |     22 |      0 |   7 |   29.1 |
        Bazaar |    341 |    341 |      0 |      0 |     45 |   2 |  170.5 |
      Ice Cave |    837 |    837 |      0 |    275 |      0 |   1 |  837.0 |
      Gauntlet |    397 |    397 |      0 |    113 |      0 |   1 |  397.0 |
               +--------+--------+--------+--------+--------+-----+--------+

Top non-repeatable levels by time:
 Snake:2: 2310 daAuts
 Snake:4: 2207 daAuts
 Snake:3: 1879 daAuts
Depths:2: 1833 daAuts
    D:15: 1823 daAuts
Vaults:1: 1817 daAuts
  Lair:5: 1786 daAuts
    D:13: 1767 daAuts
Depths:4: 1689 daAuts
   Elf:2: 1646 daAuts
Depths:3: 1638 daAuts
     D:7: 1618 daAuts
  Lair:1: 1564 daAuts
   Orc:2: 1540 daAuts
  Lair:2: 1532 daAuts
